 Dungeon Crawl Stone Soup version 0.32-a0-933-ga8fa363 (webtiles) character file.

Game seed: 7760823017505287030

9326 1lSu2w the Skirmisher (level 11, -3/92 HPs)
             Began as a Human Hunter on Apr 14, 2024.
             Was a High Priest of Okawaru.
             Slain by a killer bee (7 damage)
             ... on level 10 of the Dungeon.
             The game lasted 00:17:53 (9707 turns).

1lSu2w the Skirmisher (Human Hunter)                Turns: 9707, Time: 00:17:53

Health: -3/92      AC:  7    Str: 12    XL:     11   Next: 44%
Magic:  14/14      EV: 15    Int:  9    God:    Okawaru [*****.]
Gold:   613        SH:  0    Dex: 27    Spells: 10/10 levels left

rFire   . . .        a - +0 arbalest
rCold   . . .        (shield currently unavailable)
rNeg    . . .        I - +3 leather armour {rPois}
rPois   +            (no helmet)
rElec   .            (no cloak)
rCorr   .            Q - +0 pair of gloves
SInv    .            (no boots)
Will    .....        f - amulet of faith
Stlth   ++++         B - +4 ring of slaying
HPRegen 0.35/turn    x - +6 ring of dexterity
MPRegen 0.14/turn

%: faith
@: about to teleport
A: explore regen
a: Renounce Religion, Heroism, Finesse, Duel


You were on level 10 of the Dungeon.
You worshipped Okawaru.
Okawaru was extremely pleased with you.
You visited 2 branches of the dungeon, and saw 11 of its levels.
You also visited: Ossuary.

You collected 613 gold pieces.

Inventory:

Hand Weapons
 a - a +0 arbalest (weapon)
 b - a +1 dagger of venom
 K - a +0 orcbow
Missiles
 c - 3 curare-tipped darts
Armour
 F - a +0 kite shield
 I - a +3 leather armour of poison resistance (worn)
 N - a +0 buckler
 Q - a +0 pair of gloves (worn)
 S - +0 acid dragon scales
Jewellery
 f - an amulet of faith (around neck)
 i - a ring of poison resistance
 u - a ring of resist corrosion
 x - a +6 ring of dexterity (right hand)
 B - a +4 ring of slaying (left hand)
 L - a ring of flight
Wands
 h - a wand of paralysis (11)
 H - a wand of light (10)
Scrolls
 g - 3 scrolls of enchant armour
 j - 2 scrolls of enchant weapon
 m - 2 scrolls of fog
 n - a scroll of poison {unknown}
 q - a scroll of butterflies
 r - 5 scrolls of teleportation
 s - 2 scrolls of summoning {unknown}
 t - a scroll of brand weapon {unknown}
 v - 2 scrolls of fear
 y - a scroll of amnesia {unknown}
 A - a scroll of vulnerability {unknown}
 D - a scroll of immolation {unknown}
 E - a scroll of blinking {unknown}
 G - a scroll of noise {unknown}
 R - a scroll of revelation {unknown}
Potions
 d - 4 potions of curing
 e - 6 potions of mutation
 k - 2 potions of haste
 l - 3 potions of brilliance
 o - 4 potions of might
 p - 3 potions of enlightenment
 w - a potion of berserk rage {unknown}
 z - a potion of attraction {unknown}
 C - 5 potions of heal wounds
 J - a potion of cancellation {unknown}
 M - a potion of lignification {unknown}
 O - a potion of resistance {unknown}
 P - 2 potions of invisibility


   Skills:
 + Level 10.5 Fighting
 + Level 11.0 Ranged Weapons
 + Level 5.8 Dodging
 + Level 7.4 Stealth
 + Level 5.2 Invocations


You had 10 spell levels left.
You didn't know any spells.
Your spell library contained the following spells:

 Spells                   Type           Power      Damage    Failure   Level
 Apportation              Tloc           0%         N/A       45%         1
 Magic Dart               Conj           0%         1d3       45%         1
 Blink                    Tloc           0%         N/A       61%         2
 Jinxbite                 Hex            0%         N/A       61%         2
 Frozen Ramparts          Ice            0%         1d1       83%         3
 Ozocubu's Armour         Ice            0%         N/A       83%         3
 Alistair's Intoxication  Alch           0%         N/A       100%        5
 Metabolic Englaciation   Hex/Ice        0%         N/A       100%        5
 Call Imp                 Summ           Unusable   N/A       N/A         2

Dungeon Overview and Level Annotations

Branches:
Dungeon (10/15)            Temple (1/1) D:6             Orc (0/2) D:10
Ossuary (visited)
   Lair: D:8-11

Altars:
Ashenzari
Cheibriados
Dithmenos
Elyvilon
Fedhas
Gozag
Hepliaklqana
Kikubaaqudgha
Makhleb
Nemelex Xobeh
Okawaru
Qazlal
Ru
Sif Muna
Trog
Uskayaw
Vehumet
Wu Jian
Xom
Yredelemnul
Zin
The Shining One
Lugonu

Annotations:
D:3 3 runed translucent doors, dilly's ghost, amateur NaCj
D:9 3 runed translucent doors, seeu12's ghost, journeyman OpIE


Innate Abilities, Weirdness & Mutations

You regain HP and MP as you explore.


Message History

You shoot a bolt. The bolt barely misses the queen bee.
You hear an angry buzzing noise. x2
The killer bee barely misses you. The killer bee misses you.
The killer bee stings you. The killer bee barely misses you.
The queen bee misses you. The killer bee stings you!
* * * LOW HITPOINT WARNING * * *
The killer bee completely misses you. The killer bee stings you.
* * * LOW HITPOINT WARNING * * *
The queen bee stings you.
* * * LOW HITPOINT WARNING * * *
You are lethally poisoned!
The queen bee poisons you!
You hear an angry buzzing noise.
As you read the scroll of fear, it crumbles to dust.
You assume a fearsome visage.
The killer bee is unaffected.
The killer bee looks frightened!
The queen bee looks frightened!
The killer bee looks frightened! x3
* * * LOW HITPOINT WARNING * * *
You feel very sick. The killer bee closely misses you.
A killer bee comes into view.
The killer bee completely misses you.
A killer bee comes into view.
The killer bee barely misses you.
Okay, then.
You feel better. The killer bee barely misses you. x2
The killer bee closely misses you.
As you read the scroll of teleportation, it crumbles to dust.
You feel strangely unstable. The killer bee stings you!
* * * LOW HITPOINT WARNING * * *
The killer bee misses you. The killer bee stings you!
* * * LOW HITPOINT WARNING * * *
The killer bee barely misses you.
Cornered, the killer bee turns to fight!
The killer bee attacks as it pursues you!
The killer bee barely misses you. The killer bee completely misses you.
The killer bee barely misses you. The killer bee stings you.
* * * LOW HITPOINT WARNING * * *
The killer bee stings you!
You die...

#.##. ##............ #.#.
#..##.####### #.†
#.###........ ##.##
#....<....... #.y.#
#............. #...###
.#.............
#.....####.....y........[
#..y...yy................
#...####@...y..#######..#
##.## ######### #..# #.#
#..# #.####### #...
#........ #### #..######
##... #..# ##.... #..#
##..... #..# ##......


You could see a queen bee (fleeing) and 5 killer bees.

Vanquished Creatures
  A two-headed ogre (D:5)
  A cyclops (D:10)
  Joseph (D:9)
  Jeremiah (D:6)
  A yaktaur (D:10)
  2 hornets
  Prince Ribbit (D:9)
  A dream sheep (D:6)
  10 yaks (D:10)
  A steam dragon (D:10)
  An acid dragon (D:9)
  3 water moccasins
  3 orc warriors
  An ice beast (D:5)
  3 sky beasts (D:7)
  A black bear (D:5)
  2 ogres
  3 centaurs
  A phantom (D:5)
  2 bullfrogs
  4 kobold brigands
  10 scorpions
  12 wights
  11 killer bees
  6 howler monkeys
  2 bombardier beetles
  6 centaur zombies (Ossuary)
  3 hounds (D:5)
  2 human zombies (Ossuary)
  A gnoll bouda (D:4)
  A jelly (D:8)
  8 orc priests
  5 iguanas
  A sleepcap (D:5)
  4 scorpion zombies
  5 orc wizards
  3 mummies (Ossuary)
  4 gnolls (D:8)
  7 adders
  3 white imps
  3 adder zombies
  A dart slug (D:4)
  33 orcs
  14 ball pythons
  7 endoplasms
  2 giant cockroaches
  10 goblins
  8 hobgoblins
  8 quokkas
  6 bats
  3 frilled lizards
  A jackal zombie (Ossuary)
  26 kobolds
  6 rats
266 creatures vanquished.

Vanquished Creatures (others)
  4 dream sheep (D:6)
4 creatures vanquished.

Grand Total: 270 creatures vanquished

Notes
Turn   | Place    | Note
-------+----------+-------------------------------------------
     0 | D:1      | 1lSu2w the Human Hunter began the quest for the Orb.
     0 | D:1      | Reached XP level 1. HP: 16/16 MP: 1/1
   165 | D:1      | Reached XP level 2. HP: 22/22 MP: 2/2
   566 | D:1      | Reached XP level 3. HP: 28/28 MP: 3/3
  1236 | D:2      | Found a glowing silver altar of Zin.
  1704 | D:3      | Reached XP level 4. HP: 30/34 MP: 4/4
  1822 | D:3      | Found a runed translucent gate.
  1822 | D:3      | Found a runed translucent gate.
  1822 | D:3      | Found a runed translucent gate.
  1822 | D:3      | Noticed dilly's ghost (amateur NaCj)
  1825 | D:3      | Found a basalt altar of Yredelemnul.
  2228 | D:3      | Reached XP level 5. HP: 41/41 MP: 5/5
  2255 | D:3      | Found a faded altar of an unknown god.
  2260 | D:3      | Found a shadowy altar of Dithmenos.
  2353 | D:4      | Found a bloodstained altar of Trog.
  2433 | D:4      | Found an opulent altar of Gozag.
  2702 | D:4      | Found a sand-covered staircase.
  2722 | Ossuary  | Entered an ossuary
  2744 | Ossuary  | Reached skill level 5 in Ranged Weapons
  2744 | Ossuary  | Reached XP level 6. HP: 47/47 MP: 6/6
  2923 | Ossuary  | Reached XP level 7. HP: 43/54 MP: 7/7
  3117 | Ossuary  | Reached skill level 5 in Fighting
  3117 | Ossuary  | Reached skill level 6 in Ranged Weapons
  3217 | Ossuary  | Reached skill level 5 in Stealth
  3341 | Ossuary  | Reached XP level 8. HP: 44/63 MP: 8/8
  3685 | D:4      | Found a sacrificial altar of Ru.
  4010 | D:4      | Reached skill level 7 in Ranged Weapons
  4221 | D:4      | Found a sparkling altar of Nemelex Xobeh.
  4457 | D:5      | Entered Level 5 of the Dungeon
  4664 | D:5      | Reached skill level 8 in Ranged Weapons
  4664 | D:5      | Reached XP level 9. HP: 72/72 MP: 9/9
  4917 | D:5      | Noticed a two-headed ogre
  4921 | D:5      | Killed a two-headed ogre
  4922 | D:5      | Reached skill level 9 in Ranged Weapons
  5152 | D:6      | Found a shimmering altar of Xom.
  5252 | D:6      | Noticed Jeremiah
  5270 | D:6      | Killed Jeremiah
  5381 | D:6      | Found a staircase to the Ecumenical Temple.
  5386 | Temple   | Entered the Ecumenical Temple
  5402 | Temple   | Became a worshipper of Warmaster Okawaru
  5464 | D:6      | Reached XP level 10. HP: 83/83 MP: 10/10
  5481 | D:6      | Reached skill level 1 in Invocations
  5711 | D:7      | Reached skill level 10 in Ranged Weapons
  5721 | D:7      | Found a hide-covered altar of Uskayaw.
  5786 | D:7      | Reached * piety under Okawaru
  6343 | D:7      | Found a glowing golden altar of the Shining One.
  6947 | D:8      | Reached ** piety under Okawaru
  7228 | D:9      | Found a runed translucent gate.
  7229 | D:9      | Found a runed translucent gate.
  7230 | D:9      | Found a runed translucent gate.
  7230 | D:9      | Noticed Prince Ribbit
  7237 | D:9      | Noticed seeu12's ghost (journeyman OpIE)
  7240 | D:9      | Killed Prince Ribbit
  7325 | D:9      | Paralysed by a hornet for 1 turns
  7531 | D:9      | Noticed Joseph
  7539 | D:9      | Killed Joseph
  7605 | D:9      | Found a blossoming altar of Fedhas.
  7716 | D:9      | Found a shimmering blue altar of Sif Muna.
  7937 | D:9      | Reached skill level 10 in Fighting
  8047 | D:9      | Reached *** piety under Okawaru
  8180 | D:10     | Entered Level 10 of the Dungeon
  8413 | D:10     | Reached skill level 5 in Dodging
  8413 | D:10     | Reached XP level 11. HP: 90/90 MP: 14/14
  8523 | D:10     | Found a staircase to the Orcish Mines.
  8795 | D:10     | Reached **** piety under Okawaru
  8948 | D:10     | Found a white marble altar of Elyvilon.
  9160 | D:10     | Reached skill level 5 in Invocations
  9180 | D:10     | Noticed a cyclops
  9187 | D:10     | Killed a cyclops
  9187 | D:10     | Reached ***** piety under Okawaru
  9193 | D:10     | Reached skill level 11 in Ranged Weapons
  9603 | D:10     | Found a snail-covered altar of Cheibriados.
  9707 | D:10     | HP: 4/92 [killer bee (2)]
  9707 | D:10     | Slain by a killer bee

Illustrated notes

Levels and vault maps discovered:
D:1:      heliophobic_arrival_glass_houses, layout_basic
D:2:      layout_basic, basic_altar
D:3:      minmay_razor_zed, layout_rooms, nicolae_overflow_ecumenical_swirl,
          nicolae_yredelemnul_ghost_church, chequers_serial_rivers_small_b
D:4:      minmay_wonky_spiral, layout_loops_corners, grunt_gozag_statues,
          mainiacjoe_overflow_cross_hatched, grunt_temple_overflow_open,
          enter_ossuary_2
D:5:      layout_rooms
D:6:      layout_cave_pools, kb_xom_exploding_sheep,
          minmay_temple_entry_nine_rooms, uniq_jeremiah
D:7:      layout_loops_ring, nicolae_uskayaw_dance_hall,
          lemuel_coloured_pillars_altar
D:8:      layout_cave_pods, serial_bayou_pond_c
D:9:      layout_gridville, mainiacjoe_overflow_24_doors, fedhas_altar_2,
          gammafunk_ghost_split, uniq_joseph, uniq_prince_ribbit1
D:10:     kennysheep_big_flooded_room, layout_long_grid, elyvilon_altar_3,
          cheibriados_altar_1, david_orc_3, minivault_7
Temple:   corrupted_temple

Skill      XL: |  1  2  3  4  5  6  7  8  9 10 11 |
---------------+----------------------------------+-----
Stealth        | 2 3 4 5 6 7 |  7.4
Fighting       | 3 4 5 7 9 10 | 10.5
Dodging        | 3 5 |  5.8
Ranged Weapons | 5 6 8 9 10 11 | 11.0
Invocations    | 4 5 |  5.2

Action                     |  1- 3 |  4- 6 |  7- 9 | 10-12 || total
---------------------------+-------+-------+-------+-------++-------
   Fire: Shortbow          |   123 |   171 |   183 |       ||   477
         Orcbow            |       |       |   154 |    42 ||   196
         Arbalest          |       |       |       |   241 ||   241
  Throw: Dart              |       |       |       |     3 ||     3
  Evoke: Wand              |       |       |       |     2 ||     2
    Use: Scroll            |       |     4 |     5 |     7 ||    16
         Potion            |       |     1 |       |     1 ||     2
 Armour: Leather armour    |    20 |    37 |    73 |    97 ||   227
  Dodge: Dodged            |    34 |   108 |   152 |   148 ||   442

Table legend: (Time is in decaauts)
 A = Elapsed time spent in this place.
 B = Non-inter-level travel time spent in this place.
 C = Inter-level travel time spent in this place.
 D = Time resting spent in this place.
 E = Time spent auto-exploring this place.
 F = Levels seen in this place.
 G = Mean time per level.
                   A        B        C        D        E       F      G
               +--------+--------+--------+--------+--------+-----+--------+
         Total |   9921 |   9546 |    375 |    227 |   7438 |  12 |  826.8 |
       Dungeon |   8952 |   8607 |    345 |    190 |   6955 |  10 |  895.2 |
        Temple |     32 |      2 |     30 |      0 |      0 |   1 |   32.0 |
       Ossuary |    936 |    936 |      0 |     37 |    483 |   1 |  936.0 |
               +--------+--------+--------+--------+--------+-----+--------+

Top non-repeatable levels by time:
    D:10: 1581 daAuts
     D:4: 1215 daAuts
     D:9: 978 daAuts
 Ossuary: 936 daAuts
     D:1: 880 daAuts
     D:8: 863 daAuts
     D:3: 838 daAuts
     D:7: 695 daAuts
     D:2: 677 daAuts
     D:5: 671 daAuts
     D:6: 550 daAuts
  Temple: 32 daAuts
